[Event "Titled Tuesday Blitz April 25 Late 2023"]
[White "Broca Jimenez, Fernando"]
[Black "Martinez Ramirez, Lennis"]
[WhiteFideId "5104742"]
[BlackFideId "3509079"]
[WhiteElo "2062"]
[BlackElo "2410"]
[Result "0-1"]
[Round "01"]
[TimeControl "180+2"]
[Date "2023.04.25"]
[WhiteClock "0:00:07"]
[BlackClock "0:00:53"]

1. e4 c5 2. Nf3 Nc6 3. d4 cxd4 4. Nxd4 Nf6 5. Nc3 e5 6. Ndb5 d6 7. Nd5 Nxd5 8. exd5 Nb8 9. Be2 Be7 10. O-O O-O 11. c4 Nd7 12. Be3 a6 13. Nc3 f5 14. f3 Bg5 15. Bf2 Nf6 16. Re1 b6 17. Qb3 Nd7 18. Rad1 a5 19. Nb5 Nc5 20. Qc2 f4 21. b3 Bf5 22. Qc1 e4 23. fxe4 f3 24. Be3 Bxe3+ 25. Qxe3 fxe2 26. Rxe2 Bxe4 27. Rde1 Rc8 28. Nd4 Bg6 29. Nc6 Qf6 30. Ne7+ Kh8 31. Nxc8 Rxc8 32. a3 h5 33. b4 axb4 34. axb4 Nd3 35. Rf1 Qh4 36. g3 Qxc4 37. Rd1 Qxd5 38. Red2 Rc3 39. Qf4 Nxf4 40. Rxd5 Nxd5 41. Rxd5 Rc6 42. b5 Rc5 43. Rxd6 Be8 44. Rxb6 Rxb5 45. Re6 Bf7 46. Re2 Kh7 47. Kf2 Kg6 48. h4 Kf6 49. Rd2 Rf5+ 50. Kg2 Bd5+ 51. Kh2 Ke5 52. Kh3 Rf1 53. Re2+ Be4 54. Re3 Rh1# 0-1


[Site "https://www.chess.com"]

[Event "Titled Tuesday Blitz April 25 Late 2023"]
[White "Baltic, Fatih"]
[Black "Rodriguez, Santiago"]
[WhiteFideId "12979090"]
[BlackFideId "3000591"]
[WhiteElo "2200"]
[BlackElo "2249"]
[Result "1-0"]
[Round "01"]
[TimeControl "180+2"]
[Date "2023.04.25"]
[WhiteClock "0:00:01"]
[BlackClock "0:00:00"]

1. d4 Nf6 2. Bf4 d5 3. Nf3 e6 4. e3 Bd6 5. Bxd6 cxd6 6. c4 O-O 7. Nc3 dxc4 8. Bxc4 b6 9. O-O Bb7 10. Qe2 Nbd7 11. Rac1 Rc8 12. Rfd1 Qe7 13. e4 Rxc4 14. Qxc4 Nxe4 15. Nxe4 Bxe4 16. Qe2 Nf6 17. Nd2 Bd5 18. Nc4 Rc8 19. Ne3 Rxc1 20. Rxc1 Bb7 21. Qc4 Ne8 22. b4 g6 23. a4 Kg7 24. a5 f5 25. a6 Ba8 26. d5 f4 27. Qxf4 exd5 28. Qd4+ Kh6 29. Ng4+ Kh5 30. h3 Ng7 31. Nf6+ Kh6 32. Ng8+ 1-0


[Site "https://www.chess.com"]

[Event "Titled Tuesday Blitz April 25 Late 2023"]
[White "Danielyan, Vahe"]
[Black "Florianovitz, Derlei Alex"]
[WhiteFideId "13304828"]
[BlackFideId "2114178"]
[WhiteElo "2423"]
[BlackElo "1953"]
[Result "1-0"]
[Round "01"]
[TimeControl "180+2"]
[Date "2023.04.25"]
[WhiteClock "0:00:01"]
[BlackClock "0:00:00"]

1. e4 e6 2. d3 d5 3. Nd2 dxe4 4. dxe4 c5 5. Ngf3 Nc6 6. Bb5 Qb6 7. a4 a6 8. Nc4 Qc7 9. Bxc6+ Qxc6 10. O-O Nf6 11. e5 Nd5 12. Re1 Be7 13. Nd6+ Bxd6 14. exd6 Qxd6 15. c4 O-O 16. cxd5 exd5 17. Bg5 Be6 18. Qd2 Rac8 19. Bf4 Qd8 20. b4 c4 21. Be5 f6 22. Bc3 Bf5 23. Nd4 Qd7 24. b5 Bd3 25. h3 Rfe8 26. Rxe8+ Rxe8 27. Re1 axb5 28. axb5 Rxe1+ 29. Qxe1 Kf7 30. Qa1 g5 31. Qa7 g4 32. hxg4 Qxg4 33. Qxb7+ Kg6 34. Qxd5 Qd1+ 35. Kh2 Bf5 36. Qxf5+ Kf7 37. b6 Qc1 38. b7 Qh6+ 39. Kg3 Qf8 40. Qe6+ Kg6 41. Nc6 Qa3 42. Qxf6+ Kh5 43. b8=Q 1-0


[Site "https://www.chess.com"]

[Event "Titled Tuesday Blitz April 25 Late 2023"]
[White "Dahlgren, James Allen"]
[Black "Chylewski, Patryk"]
[WhiteFideId "22256873"]
[BlackFideId "1186191"]
[WhiteElo "1824"]
[BlackElo "2163"]
[Result "0-1"]
[Round "01"]
[TimeControl "180+2"]
[Date "2023.04.25"]
[WhiteClock "0:00:01"]
[BlackClock "0:00:00"]

1. e3 d5 2. c4 c6 3. Nc3 Nf6 4. Nf3 a6 5. b3 Bg4 6. Bb2 Nbd7 7. Be2 e5 8. O-O Bd6 9. h3 Bh5 10. d4 e4 11. Nd2 Bxe2 12. Qxe2 O-O 13. a4 Rc8 14. c5 Bc7 15. b4 Ne8 16. b5 axb5 17. axb5 f5 18. b6 Bb8 19. g3 g5 20. Kg2 Kh8 21. Qh5 f4 22. g4 Qf6 23. Ncxe4 dxe4 24. Nxe4 Qg6 25. d5+ Be5 26. Bxe5+ Nxe5 27. Qxg6 hxg6 28. d6 Nd7 29. Nxg5 Nxc5 30. Rfd1 Nf6 31. exf4 Nd5 32. Ne6 Nxe6 0-1


[Site "https://www.chess.com"]

[Event "Titled Tuesday Blitz April 25 Late 2023"]
[White "Prohorov, Olexandr"]
[Black "Toniutti, Ezio"]
[WhiteFideId "14105578"]
[BlackFideId "113034"]
[WhiteElo "1966"]
[BlackElo "2215"]
[Result "0-1"]
[Round "01"]
[TimeControl "180+2"]
[Date "2023.04.25"]
[WhiteClock "0:00:00"]
[BlackClock "0:00:00"]

1. e4 e5 2. Nf3 Nc6 3. Nc3 Nf6 4. g3 d5 5. exd5 Nxd5 6. Bg2 Nxc3 7. bxc3 Bc5 8. O-O O-O 9. h3 e4 10. Nh2 Re8 11. d4 exd3 12. cxd3 Bb6 13. d4 Bf5 14. g4 Be4 15. f3 Bg6 16. Kh1 Kh8 17. Bf4 Qd7 18. Bg3 Re7 19. Qd2 Rae8 20. Rae1 Na5 21. f4 Nc4 22. Qc1 Bd3 23. Rg1 c5 24. d5 h5 25. f5 Be4 26. Bxe4 Rxe4 27. f6 Qxd5 28. fxg7+ Kg8 29. Rd1 Rd4+ 0-1


[Site "https://www.chess.com"]

[Event "Titled Tuesday Blitz April 25 Late 2023"]
[White "Karttunen, Mika"]
[Black "Ankerst, Mihael"]
[WhiteFideId "502081"]
[BlackFideId "14602369"]
[WhiteElo "2396"]
[BlackElo "2370"]
[Result "1-0"]
[Round "01"]
[TimeControl "180+2"]
[Date "2023.04.25"]
[WhiteClock "0:00:09"]
[BlackClock "0:00:19"]

1. e4 c5 2. Nf3 Qb6 3. Nc3 Nc6 4. g3 e6 5. Bg2 d6 6. O-O Be7 7. d3 Nf6 8. a4 a6 9. Bd2 Bd7 10. h3 O-O 11. Kh2 Rac8 12. Nh4 Nd4 13. b3 Bc6 14. f4 d5 15. e5 Nd7 16. Nf3 Nxf3+ 17. Bxf3 f6 18. Qe2 fxe5 19. fxe5 Qc7 20. Rae1 d4 21. Bxc6 Qxc6 22. Nd1 Qd5 23. Rxf8+ Rxf8 24. a5 Nb8 25. Nb2 Nc6 26. Nc4 h6 27. Qg2 Qd8 28. Rf1 Rxf1 29. Qxf1 Bg5 30. Bf4 Bxf4 31. Qxf4 Qd5 32. h4 Qd8 33. Nd6 Qc7 34. Qg4 Qe7 35. Nc4 Nb4 36. Qe2 Nd5 37. Kg2 Qc7 38. Qe4 Qc6 39. Kh3 Qe8 40. Qg4 Qf7 41. Kg2 Kh8 42. Qf3 Qe8 43. Nd6 Qe7 44. Nf7+ Kg8 45. Nd6 Nb4 46. Qxb7 Qf8 47. Qf3 Qe7 48. Qa8+ Kh7 49. Qe4+ g6 50. h5 Qg7 51. Ne8 Qf7 52. Nf6+ Kg7 53. hxg6 Qxg6 54. Qb7+ Qf7 55. Ne8+ Kf8 56. Qxf7+ Kxf7 57. Nd6+ Kg6 58. Ne4 Kf5 59. Nxc5 Kxe5 60. Kf3 Kd5 61. Nd7 Nxc2 62. Nf6+ Kc6 63. Ng8 Na1 64. b4 Nb3 65. Ke4 Kd6 66. Nxh6 Nd2+ 67. Kxd4 Nf3+ 68. Ke3 Ne5 69. Kd4 Nc6+ 70. Kc4 Na7 71. Nf7+ Kc6 72. Ne5+ Kd6 73. d4 Nb5 74. g4 Na3+ 75. Kd3 Kd5 76. g5 Nb5 77. Nf3 Kd6 78. g6 Ke7 79. Ne5 Nd6 80. Ke3 Kf6 81. Kd3 Kg7 82. Ke3 Kf6 83. Kf4 Kg7 84. Kg5 Ne4+ 85. Kg4 Nd6 86. Kh5 Ne4 87. b5 axb5 88. a6 Nf6+ 89. Kh4 Nd5 90. a7 Nb6 91. Kg5 b4 92. Nc4 Na8 93. Nd2 b3 94. Nxb3 Nb6 95. Nc5 Na8 96. Nxe6+ Kg8 97. Kf6 Nb6 98. Ke7 Nd5+ 99. Kd8 Nb6 100. Kc7 Nc4 101. a8=Q# 1-0


[Site "https://www.chess.com"]

[Event "Titled Tuesday Blitz April 25 Late 2023"]
[White "Makaraci, Tunahan"]
[Black "Osmonbekov, Talaibek"]
[WhiteFideId "6356559"]
[BlackFideId "2017253"]
[WhiteElo "2160"]
[BlackElo "2135"]
[Result "1-0"]
[Round "01"]
[TimeControl "180+2"]
[Date "2023.04.25"]
[WhiteClock "0:00:01"]
[BlackClock "0:00:00"]

1. e4 c5 2. c3 d5 3. exd5 Qxd5 4. d4 Nf6 5. Nf3 e6 6. a3 Nc6 7. Be3 cxd4 8. cxd4 Be7 9. Nc3 Qd8 10. Bd3 O-O 11. O-O b6 12. Qe2 Bb7 13. Rad1 Rc8 14. Rfe1 Nd5 15. Nxd5 Qxd5 16. Bc4 Qh5 17. d5 Na5 18. Ba2 exd5 19. Bxb6 axb6 20. Qxe7 Rc2 21. b4 Rxa2 22. bxa5 Bc6 23. axb6 Rxa3 24. Ne5 Re8 25. Qxa3 Re7 26. Qxe7 1-0


[Site "https://www.chess.com"]

[Event "Titled Tuesday Blitz April 25 Late 2023"]
[White "Novikov, Evgenij"]
[Black "Sailer, Mike"]
[WhiteFideId "4125380"]
[BlackFideId "2012901"]
[WhiteElo "2242"]
[BlackElo "2109"]
[Result "0-1"]
[Round "01"]
[TimeControl "180+2"]
[Date "2023.04.25"]
[WhiteClock "0:00:02"]
[BlackClock "0:00:07"]

1. d4 d5 2. c4 Bf5 3. Nc3 e6 4. Nf3 Nc6 5. a3 Nf6 6. cxd5 exd5 7. Qb3 Rb8 8. Bg5 Be7 9. e3 Na5 10. Qa4+ c6 11. b4 Nc4 12. Bxc4 dxc4 13. Qxa7 Bd3 14. Ne5 O-O 15. Nxd3 cxd3 16. O-O Nd5 17. Bxe7 Qxe7 18. Nxd5 cxd5 19. Qc5 Qe4 20. Rac1 h5 21. Qc3 h4 22. h3 Rbc8 23. Qxc8 Rxc8 24. Rxc8+ Kh7 25. Rd1 f5 26. Rc3 f4 27. Rcxd3 f3 28. g3 hxg3 29. fxg3 g5 30. Kf2 g4 31. h4 Kg6 32. Rc3 Kf5 33. Rdc1 Qe6 34. Rc7 Qa6 35. R1c2 Qxa3 36. Rxb7 Qa1 37. Rbc7 Qh1 38. e4+ Kxe4 39. Re7+ Kxd4 40. Rd2+ Kc4 0-1


[Site "https://www.chess.com"]

[Event "Titled Tuesday Blitz April 25 Late 2023"]
[White "Narva, Triin"]
[Black "Przybylski, Wojciech"]
[WhiteFideId "4502680"]
[BlackFideId "1117599"]
[WhiteElo "1944"]
[BlackElo "2222"]
[Result "0-1"]
[Round "01"]
[TimeControl "180+2"]
[Date "2023.04.25"]
[WhiteClock "0:00:03"]
[BlackClock "0:00:28"]

1. e4 e5 2. Nc3 Nf6 3. f4 d5 4. fxe5 Nxe4 5. Nf3 Be7 6. d3 Nc5 7. Bf4 Ne6 8. Bg3 h5 9. h4 Nc6 10. d4 Bd7 11. Nxd5 O-O 12. Nxe7+ Nxe7 13. Bd3 g6 14. O-O c5 15. c3 cxd4 16. cxd4 Bc6 17. Bc4 Nd5 18. Qd2 Qd7 19. Rad1 Rad8 20. Rf2 b6 21. Ng5 Ng7 22. Bd3 Nc7 23. Bb1 Nce6 24. Nxe6 Nxe6 25. Qh6 Qe7 26. Rdf1 Be8 27. Rf6 Rxd4 28. Be1 Rg4 29. Bc3 Qc5+ 30. R1f2 Bc6 31. Bxg6 Rxg2+ 32. Kh1 Rxg6+ 33. Kh2 Rxh6 0-1


[Site "https://www.chess.com"]

[Event "Titled Tuesday Blitz April 25 Late 2023"]
[White "Richter, Paul"]
[Black "Schmidt, Harald"]
[WhiteFideId "2046350"]
[BlackFideId "4648358"]
[WhiteElo "2171"]
[BlackElo "2347"]
[Result "1-0"]
[Round "01"]
[TimeControl "180+2"]
[Date "2023.04.25"]
[WhiteClock "0:00:18"]
[BlackClock "0:00:01"]

1. e4 d6 2. d4 Nf6 3. Nc3 a6 4. f4 b5 5. e5 b4 6. exf6 bxc3 7. fxg7 Bxg7 8. bxc3 c5 9. Nf3 Bb7 10. Be2 Nd7 11. O-O Rg8 12. Kh1 Qa5 13. Bd2 Bf6 14. Rb1 Be4 15. Ng5 Bf5 16. Bh5 Bxg5 17. fxg5 Bg6 18. Bg4 cxd4 19. cxd4 Qc7 20. Qf3 Rd8 21. Rb7 Qxc2 22. Ba5 f5 23. gxf6 Nxf6 24. Bxd8 Be4 25. Rxe7+ Kxd8 26. Rxe4 Nxe4 27. Bf5 d5 28. Bxh7 Re8 29. Bxe4 dxe4 30. Qf6+ Kd7 31. Qf7+ Re7 32. Qd5+ Ke8 33. Qb3 1-0


[Site "https://www.chess.com"]

[Event "Titled Tuesday Blitz April 25 Late 2023"]
[White "Torres Dominguez, David"]
[Black "Sztokbant, Bernardo Vainzoff"]
[WhiteFideId "2220857"]
[BlackFideId "2115956"]
[WhiteElo "1999"]
[BlackElo "2222"]
[Result "0-1"]
[Round "01"]
[TimeControl "180+2"]
[Date "2023.04.26"]
[WhiteClock "0:01:26"]
[BlackClock "0:01:44"]

1. e4 c5 2. Nc3 Nc6 3. Bb5 Nd4 4. Bc4 e6 5. Nge2 b6 6. O-O Bb7 7. d3 d6 8. Nxd4 cxd4 9. Bb5+ Ke7 10. Ne2 e5 11. f4 Nf6 12. fxe5 dxe5 13. Bg5 Qd6 14. Bxf6+ gxf6 15. Ng3 Bc8 16. Ba6 Be6 17. Bc4 Bh6 18. Qh5 Bf4 19. Nf5+ Bxf5 20. Qxf7+ Kd8 21. exf5 Rc8 22. Be6 Rf8 23. Qxa7 Rxc2 24. Qa4 Qc6 25. Qa3 Qxg2# 0-1


[Site "https://www.chess.com"]

[Event "Titled Tuesday Blitz April 25 Late 2023"]
[White "Musovic, Armin"]
[Black "Hartikainen, Jarmo"]
[WhiteFideId "939935"]
[BlackFideId "503134"]
[WhiteElo "2322"]
[BlackElo "2108"]
[Result "1-0"]
[Round "01"]
[TimeControl "180+2"]
[Date "2023.04.25"]
[WhiteClock "0:01:17"]
[BlackClock "0:00:17"]

1. a3 g6 2. Nc3 Bg7 3. e4 c6 4. Bc4 e6 5. d3 d5 6. Ba2 Nd7 7. Nge2 Ngf6 8. Bg5 Qc7 9. O-O h6 10. Bh4 O-O 11. Rb1 Rd8 12. Qc1 Kh7 13. h3 Nf8 14. f4 dxe4 15. dxe4 Re8 16. Kh1 b6 17. e5 Nd5 18. Ne4 Ba6 19. c4 1-0


[Site "https://www.chess.com"]

[Event "Titled Tuesday Blitz April 25 Late 2023"]
[White "Winkels, Marcel"]
[Black "Erdogan, Anil Berk"]
[WhiteFideId "1003887"]
[BlackFideId "6348173"]
[WhiteElo "1900"]
[BlackElo "2007"]
[Result "1-0"]
[Round "01"]
[TimeControl "180+2"]
[Date "2023.04.25"]
[WhiteClock "0:00:05"]
[BlackClock "0:00:05"]

1. d4 Nf6 2. Nc3 c5 3. d5 e6 4. e4 exd5 5. e5 Ng8 6. Nxd5 h6 7. f4 Ne7 8. Nf3 Nbc6 9. Bc4 b5 10. Be2 Nxd5 11. Qxd5 Bb7 12. Qd1 d6 13. O-O Be7 14. Bxb5 O-O 15. Be3 Qb6 16. a4 a6 17. Bc4 Rad8 18. Qe2 d5 19. Ba2 Nb4 20. c3 Nxa2 21. Rxa2 d4 22. cxd4 cxd4 23. Bf2 Qb3 24. Raa1 d3 25. Qe3 Bxf3 26. Qxf3 Qxb2 27. Rab1 Qc2 28. Rfc1 Qxa4 29. Rb7 d2 30. Rd1 Bb4 31. f5 Rd3 32. Qg4 Qc6 33. Rxb4 a5 34. f6 g6 35. Rc4 Qd5 36. e6 fxe6 37. Qxg6+ 1-0


[Site "https://www.chess.com"]

[Event "Titled Tuesday Blitz April 25 Late 2023"]
[White "Bilan, Danila"]
[Black "yoriiiis"]
[WhiteFideId "24161918"]
[WhiteElo "2182"]
[BlackElo "2127"]
[Result "1-0"]
[Round "01"]
[TimeControl "180+2"]
[Date "2023.04.26"]
[WhiteClock "0:01:34"]
[BlackClock "0:01:27"]

1. d4 d5 2. Nf3 Nf6 3. c4 c6 4. Nc3 e6 5. Bg5 Be7 6. e3 O-O 7. Bd3 h6 8. Bh4 Nbd7 9. O-O b6 10. cxd5 exd5 11. Rc1 Bb7 12. Bb1 Re8 13. Ne5 Nxe5 14. dxe5 Ne4 15. Bxe7 Qxe7 16. f4 Nxc3 17. Rxc3 f6 18. Qd3 Red8 19. Qh7+ Kf8 20. Bg6 Qb4 21. Qh8+ 1-0


[Site "https://www.chess.com"]

[Event "Titled Tuesday Blitz April 25 Late 2023"]
[White "Oliveira, Tiago Batista"]
[Black "Kavutskiy, Konstantin"]
[WhiteFideId "2108291"]
[BlackFideId "2026384"]
[WhiteElo "1962"]
[BlackElo "2323"]
[Result "1-0"]
[Round "01"]
[TimeControl "180+2"]
[Date "2023.04.25"]
[WhiteClock "0:00:06"]
[BlackClock "0:00:03"]

1. d4 Nf6 2. c4 g6 3. Nc3 Bg7 4. e4 d6 5. Nf3 O-O 6. Be2 e5 7. Be3 Ng4 8. Bg5 f6 9. Bh4 Nc6 10. h3 Nh6 11. dxe5 dxe5 12. Qxd8 Rxd8 13. Nd5 g5 14. Nxg5 fxg5 15. Bxg5 Rxd5 16. cxd5 Nd4 17. Bd3 Nf7 18. Bd2 c6 19. dxc6 bxc6 20. O-O Nd6 21. Rac1 Rb8 22. b3 Bxh3 23. Be3 Bd7 24. f4 Re8 25. f5 Bf6 26. Rc5 Kf7 27. Ra5 Rg8 28. Bxd4 exd4 29. e5 Nb7 30. e6+ Bxe6 31. fxe6+ Ke7 32. Rxa7 Rb8 33. Bc4 c5 34. Bd5 Kd6 35. Rxb7 Re8 36. Bc4 Ke5 37. Rf7 Bh8 38. R1f5+ Ke4 39. e7 Be5 40. Rf8 Rxe7 41. Rf3 d3 42. Rd8 Bd4+ 43. Kf1 d2 44. Ke2 Bc3 45. Kd1 Bb4 46. Bd5+ Kd4 47. Bc4+ Ke5 48. Re3+ Kf6 49. Rxe7 Kxe7 50. Rh8 1-0


[Site "https://www.chess.com"]

[Event "Titled Tuesday Blitz April 25 Late 2023"]
[White "Srdanovic, Jovana"]
[Black "Moral Garcia, Serafin"]
[WhiteFideId "954810"]
[BlackFideId "2201925"]
[WhiteElo "2145"]
[BlackElo "2274"]
[Result "1/2-1/2"]
[Round "01"]
[TimeControl "180+2"]
[Date "2023.04.25"]
[WhiteClock "0:00:20"]
[BlackClock "0:00:32"]

1. d4 Nf6 2. c4 g6 3. Nc3 d5 4. cxd5 Nxd5 5. e4 Nxc3 6. bxc3 Bg7 7. Bc4 c5 8. Ne2 Nc6 9. Be3 O-O 10. O-O Qc7 11. Rc1 Rd8 12. Qc2 Na5 13. Qd3 a6 14. a3 Nxc4 15. Qxc4 b5 16. Qa2 e6 17. Rfd1 Bb7 18. f3 Rd7 19. dxc5 Rad8 20. Qc2 Bf8 21. Kh1 Bxc5 22. Bxc5 Qxc5 23. Rxd7 Rxd7 24. Rd1 Rxd1+ 25. Qxd1 Qe3 26. Qd8+ Kg7 27. Qd4+ Qxd4 28. cxd4 a5 29. Kg1 Kf6 30. Kf2 Ke7 31. Ke3 Kd6 32. Kd3 Ba6 33. Kc2 f5 34. Nc3 fxe4 35. Nxe4+ Kd5 36. Nf6+ Kxd4 37. Nxh7 b4 38. axb4 axb4 39. Ng5 e5 40. h4 Bc4 41. g4 b3+ 42. Kb2 Ke3 43. h5 gxh5 44. gxh5 Bg8 45. h6 Kf4 46. h7 Bxh7 47. Nxh7 Kxf3 48. Kxb3 e4 49. Ng5+ Kf4 50. Nxe4 1/2-1/2


[Site "https://www.chess.com"]

[Event "Titled Tuesday Blitz April 25 Late 2023"]
[White "Mortazavi, Ali"]
[Black "Toma, Katarzyna"]
[WhiteFideId "401323"]
[BlackFideId "1119907"]
[WhiteElo "2339"]
[BlackElo "2149"]
[Result "0-1"]
[Round "01"]
[TimeControl "180+2"]
[Date "2023.04.25"]
[WhiteClock "0:00:01"]
[BlackClock "0:00:08"]

1. Nf3 Nf6 2. g3 g6 3. Bg2 Bg7 4. O-O O-O 5. d3 d5 6. Nbd2 c5 7. e3 Nc6 8. e4 e5 9. c3 Re8 10. Qa4 h6 11. exd5 Nxd5 12. Ne4 Nb6 13. Qc2 Qe7 14. Be3 c4 15. dxc4 Nxc4 16. Bc5 Qc7 17. b3 b6 18. bxc4 bxc5 19. Nxc5 Bf5 20. Ne4 Na5 21. Nh4 Rac8 22. Nxf5 gxf5 23. Nd2 e4 24. g4 Nxc4 25. gxf5 Nxd2 26. Qxd2 Bxc3 27. Qxh6 Bxa1 28. Rxa1 Qe5 29. Re1 Qg7 30. Qf4 Qe5 31. Qg5+ Qg7 32. Qh4 e3 33. fxe3 Rc2 34. Qg3 Qxg3 35. hxg3 Rxa2 36. g4 a5 37. g5 Re5 38. e4 a4 39. Rd1 Kg7 40. Bh3 Rxe4 41. Bg2 Re5 42. Bh3 a3 43. Bg2 Rb2 44. f6+ Kg6 45. Bf1 Kxg5 46. Bd3 Kxf6 0-1


[Site "https://www.chess.com"]

[Event "Titled Tuesday Blitz April 25 Late 2023"]
[White "Aqib Javaid Butt"]
[Black "Bagrationi, Alexander"]
[WhiteFideId "7801262"]
[BlackFideId "14104954"]
[WhiteElo "1659"]
[BlackElo "2398"]
[Result "0-1"]
[Round "01"]
[TimeControl "180+2"]
[Date "2023.04.25"]
[WhiteClock "0:00:05"]
[BlackClock "0:01:14"]

1. d4 f5 2. Nf3 Nf6 3. c4 g6 4. Nc3 Bg7 5. g3 O-O 6. Bg2 d6 7. O-O Qe8 8. d5 a5 9. Nb5 Na6 10. Nbd4 Nc5 11. b3 Nfe4 12. Bb2 Bd7 13. Rb1 c6 14. Nd2 cxd5 15. cxd5 Qf7 16. Nxe4 fxe4 17. Nc2 Bxb2 18. Rxb2 Qf6 19. Qd4 b5 20. Qxf6 exf6 21. a3 f5 22. f3 exf3 23. Bxf3 Rfe8 24. Nd4 Re3 25. b4 Na4 26. Rc2 Rxa3 27. bxa5 Nc3 28. Rfc1 b4 29. Nc6 Bxc6 30. dxc6 R8xa5 31. Rd2 Rc5 32. Rxd6 Nxe2+ 33. Kf2 Rxc1 34. Rd8+ Kg7 35. Rd7+ Kh6 36. c7 0-1


[Site "https://www.chess.com"]

[Event "Titled Tuesday Blitz April 25 Late 2023"]
[White "Lutz, Igor Oscar"]
[Black "Korkmaz, Necmettin"]
[WhiteFideId "2110806"]
[BlackFideId "6303285"]
[WhiteElo "1969"]
[BlackElo "2097"]
[Result "0-1"]
[Round "01"]
[TimeControl "180+2"]
[Date "2023.04.25"]
[WhiteClock "0:00:15"]
[BlackClock "0:01:33"]

1. d4 d5 2. c4 e5 3. dxe5 d4 4. Nf3 Nc6 5. g3 Be6 6. b3 Qd7 7. Bg2 Bh3 8. O-O Bxg2 9. Kxg2 Nge7 10. Bb2 O-O-O 11. Nbd2 Ng6 12. Ne4 h5 13. h4 Be7 14. Neg5 Ngxe5 15. Nxe5 Nxe5 16. Nf3 Nxf3 17. exf3 g5 18. hxg5 h4 19. Rh1 Bxg5 20. Qd3 hxg3 21. fxg3 Be3 22. Rad1 Rdg8 23. Qxe3 Rxh1 24. Qxd4 Qh3+ 25. Kf2 Qh2+ 26. Ke3 Re8+ 27. Kf4 Qh6+ 28. Kf5 Rh5+ 29. Kg4 Qg5# 0-1


[Site "https://www.chess.com"]

[Event "Titled Tuesday Blitz April 25 Late 2023"]
[White "Jimenez Almeida, Luis David"]
[Black "Dargan, Paul A G"]
[WhiteFideId "22242244"]
[BlackFideId "416762"]
[WhiteElo "2245"]
[BlackElo "2042"]
[Result "1-0"]
[Round "01"]
[TimeControl "180+2"]
[Date "2023.04.25"]
[WhiteClock "0:01:05"]
[BlackClock "0:00:16"]

1. e4 c5 2. Nc3 Nc6 3. g3 g6 4. Bg2 Bg7 5. Nge2 d6 6. O-O e5 7. Nd5 Nge7 8. c3 O-O 9. d3 f5 10. a4 Kh8 11. Be3 Nxd5 12. exd5 Ne7 13. f4 b6 14. fxe5 Bxe5 15. Qd2 a6 16. d4 Bg7 17. Nf4 Rb8 18. Kh1 Ng8 19. Ne6 Bxe6 20. dxe6 cxd4 21. Bxd4 Nf6 22. Rae1 Qe7 23. h3 Rfd8 24. c4 Nh5 25. Kh2 f4 26. gxf4 Qh4 27. Bxg7+ Kxg7 28. e7 Re8 29. Qd4+ Kh6 30. Qe3 Rb7 31. f5+ Kg7 32. Bxb7 Nf6 33. Qg3 Qxc4 34. fxg6 hxg6 35. Bg2 Qxa4 36. Rxf6 Kxf6 37. Qc3+ Kf7 38. Bd5# 1-0


[Site "https://www.chess.com"]

[Event "Titled Tuesday Blitz April 25 Late 2023"]
[White "Fuentes Godoy, Lilia Ivonne"]
[Black "Kuzmin, Roman"]
[WhiteFideId "5104130"]
[BlackFideId "44134932"]
[WhiteElo "2096"]
[BlackElo "2192"]
[Result "0-1"]
[Round "01"]
[TimeControl "180+2"]
[Date "2023.04.25"]
[WhiteClock "0:00:07"]
[BlackClock "0:00:16"]

1. d4 Nf6 2. c4 e6 3. Nf3 d5 4. g3 Be7 5. Bg2 O-O 6. O-O Nbd7 7. Qc2 c6 8. Bf4 b6 9. Nbd2 Bb7 10. e4 dxc4 11. Nxc4 c5 12. e5 Nd5 13. Be3 b5 14. Ncd2 Rc8 15. Qd3 c4 16. Qe2 Qb6 17. Rfc1 a5 18. h4 a4 19. Ng5 h6 20. Nge4 a3 21. b3 c3 22. Nf1 Nxe3 23. Nxe3 b4 24. Nc4 Qb5 25. Qg4 Rxc4 26. bxc4 Qxc4 27. Nd2 Qb5 28. Nb3 Bxg2 29. Kxg2 Nb6 30. Rc2 Nc4 31. Qe2 Rd8 32. f3 Qd5 33. Re1 Rc8 34. Qe4 Qb5 35. Rd1 Nb6 36. Qd3 Qa4 37. Nc5 Bxc5 38. dxc5 Rxc5 39. Qd8+ Kh7 40. Qd3+ g6 41. h5 Rd5 42. Qe2 gxh5 43. Qe4+ Kg7 0-1


[Site "https://www.chess.com"]

[Event "Titled Tuesday Blitz April 25 Late 2023"]
[White "Roebers, Eline"]
[Black "Sanchez, Robert"]
[WhiteFideId "1058401"]
[BlackFideId "2034360"]
[WhiteElo "2356"]
[BlackElo "1966"]
[Result "1-0"]
[Round "01"]
[TimeControl "180+2"]
[Date "2023.04.25"]
[WhiteClock "0:00:14"]
[BlackClock "0:00:03"]

1. e4 e6 2. d4 d5 3. Bd3 dxe4 4. Bxe4 Nf6 5. Bf3 c5 6. Ne2 Nc6 7. Be3 cxd4 8. Nxd4 Ne5 9. Be2 a6 10. O-O Nd5 11. Bc1 Be7 12. c4 Nb6 13. b3 O-O 14. Bb2 Qc7 15. Qc2 Rd8 16. Rd1 Bd7 17. Nc3 Rac8 18. Ne4 f5 19. Ng3 Ng6 20. Bf1 Nh4 21. Re1 f4 22. Nh5 e5 23. Ne2 Bf5 24. Qc3 Bd6 25. Rad1 Qf7 26. Nexf4 exf4 27. Nxg7 Qg6 28. Nxf5 Nxf5 29. Bd3 f3 30. g3 Bxg3 31. hxg3 Nd5 32. Bxf5 Nxc3 33. Rxd8+ Rxd8 34. Bxg6 Ne2+ 35. Kf1 hxg6 36. Rb1 Rd2 37. b4 Rc2 38. c5 g5 39. a3 g4 40. Be5 Kf7 41. Bd6 Ke6 42. b5 a5 43. c6 bxc6 44. b6 1-0


[Site "https://www.chess.com"]

[Event "Titled Tuesday Blitz April 25 Late 2023"]
[White "Hnydiuk, Aleksander"]
[Black "Vargas, Mauricio"]
[WhiteFideId "1109057"]
[BlackFideId "4404572"]
[WhiteElo "2374"]
[BlackElo "1998"]
[Result "1-0"]
[Round "01"]
[TimeControl "180+2"]
[Date "2023.04.25"]
[WhiteClock "0:00:01"]
[BlackClock "0:00:01"]

1. g3 c6 2. Bg2 e5 3. Nf3 e4 4. Nd4 Bc5 5. Nb3 Bb6 6. Bxe4 Qf6 7. O-O d5 8. Bg2 h5 9. d4 h4 10. Nc3 hxg3 11. fxg3 Qg6 12. e4 Bg4 13. Qe1 Qh5 14. exd5+ Kf8 15. h4 cxd5 16. Nxd5 Qxd5 17. Bxd5 Nc6 18. Rxf7# 1-0


[Site "https://www.chess.com"]

[Event "Titled Tuesday Blitz April 25 Late 2023"]
[White "Semenova, Alina"]
[Black "Petrovic, Aleksa"]
[WhiteFideId "24113875"]
[BlackFideId "967629"]
[WhiteElo "1833"]
[BlackElo "2309"]
[Result "0-1"]
[Round "01"]
[TimeControl "180+2"]
[Date "2023.04.25"]
[WhiteClock "0:00:01"]
[BlackClock "0:00:58"]

1. e4 c6 2. Nf3 d5 3. exd5 cxd5 4. d4 Nc6 5. h3 g6 6. c3 Bg7 7. Bd3 Bf5 8. O-O Nf6 9. Re1 O-O 10. Nh4 Bd7 11. Bf4 Qb6 12. Qd2 Rae8 13. Nf3 Nh5 14. Bh2 f5 15. Ne5 Nxe5 16. Bxe5 Nf6 17. f3 Bb5 18. Bc2 Nd7 19. Bxg7 Kxg7 20. Na3 Ba6 21. Bb3 e6 22. Re3 Qd6 23. Kf2 b6 24. Nc2 Qf4 25. g3 Qh6 26. h4 f4 27. Ree1 fxg3+ 28. Kxg3 Qxd2 0-1


[Site "https://www.chess.com"]

[Event "Titled Tuesday Blitz April 25 Late 2023"]
[White "Nakamura, Hikaru"]
[Black "O`Gorman, Tom"]
[WhiteFideId "2016192"]
[BlackFideId "2508249"]
[WhiteElo "2885"]
[BlackElo "2271"]
[Result "1-0"]
[Round "02"]
[TimeControl "180+2"]
[Date "2023.04.25"]
[WhiteClock "0:01:14"]
[BlackClock "0:00:11"]

1. Nf3 Nf6 2. e3 g6 3. b3 Bg7 4. Bb2 O-O 5. d4 d6 6. Be2 c5 7. O-O cxd4 8. Nxd4 Nc6 9. c4 Nxd4 10. Bxd4 Bd7 11. Bf3 Bc6 12. Nd2 Qd7 13. Rc1 Rac8 14. Bxc6 Qxc6 15. Nf3 Ne4 16. Bxg7 Kxg7 17. Nd4 Qd7 18. f3 Nf6 19. e4 a6 20. Qe2 Qc7 21. Rcd1 Qc5 22. Kh1 Rb8 23. Nc2 b5 24. Ne3 Rfc8 25. Rd3 a5 26. g4 h5 27. g5 Qxg5 28. f4 Qc5 29. e5 dxe5 30. fxe5 Ng4 31. Nxg4 hxg4 32. e6 f5 33. Rd5 Qc6 34. Qe5+ Kg8 35. Rxf5 gxf5 36. Qxf5 Rd8 37. Qxg4+ Kh8 38. Qh3+ Kg8 39. Qg2+ Kf8 40. Rf5+ 1-0


[Site "https://www.chess.com"]